 Dungeon Crawl Stone Soup version 0.25.1-2-g60ff931df9 (webtiles) character file.

Game seed: 14474424371068224581

4426 DerDa the Conjurer (level 10, -2/66 HPs)
             Began as a Demonspawn Fire Elementalist on Oct 11, 2020.
             Was a Priest of Vehumet.
             Slain by a troll (10 damage)
             ... on level 9 of the Dungeon.
             The game lasted 00:33:06 (10102 turns).

DerDa the Conjurer (Demonspawn Fire Elementalist)  Turns: 10102, Time: 00:33:07

Health: -2/66      AC:  8    Str:  8    XL:     10   Next: 14%
Magic:  0/21       EV: 14    Int: 19    God:    Vehumet [***...]
Gold:   321        SH:  0    Dex: 15    Spells: 13/23 levels left

rFire    + . .     SeeInvis +   b - +3 spear
rCold    + . .     Gourm    .   (no shield)
rNeg     . . .     Faith    .   H - +0 leather armour of the Snail {rF+ rC+} (curse)
rPois    .         Spirit   +   j - +0 helmet
rElec    .         Reflect  .   (no cloak)
rCorr    .         Harm     .   i - +0 pair of gloves
MR       .....                  h - +0 pair of boots
Stlth    ++........             (no amulet)
HPRegen  0.21/turn              A - ring of see invisible
MPRegen  0.17/turn              (no ring)

@: lethally poisoned (-2 -> -2)
A: hooves 2, iridescent scales 1, demonic guardian 1, magic shield
a: Renounce Religion


You were on level 9 of the Dungeon.
You worshipped Vehumet.
Vehumet was most pleased with you.
You were not hungry.

You visited 2 branches of the dungeon, and saw 9 of its levels.

You collected 321 gold pieces.

Inventory:

Hand Weapons
 b - a +3 spear (weapon)
 e - a +0 dagger
 o - a +0 hunting sling
 t - a +4 vampiric dagger
 x - a +3 hand axe
Missiles
 m - 25 poisoned darts (quivered)
 p - 157 stones
Armour
 a - a +0 robe
 h - a +0 pair of boots (worn)
 i - a +0 pair of gloves (worn)
 j - a +0 helmet (worn)
 w - a +2 robe of magic resistance
 B - a +2 kite shield
 G - a +2 leather armour of fire resistance
 H - the cursed +0 leather armour of the Snail (worn) {rF+ rC+}
   (You found it on level 8 of the Dungeon)

   It protects you from fire.
   It protects you from cold.
   It has a curse placed upon it.
Magical Staves
 E - an uncursed staff of conjuration
Jewellery
 A - a ring of see invisible (left hand)
Wands
 F - a wand of digging (4)
 I - a wand of flame (22)
Scrolls
 g - a scroll of noise
 k - 4 scrolls of blinking
 n - 4 scrolls of remove curse
 q - 4 scrolls of teleportation
 r - 4 scrolls of magic mapping
 s - 3 scrolls of immolation {unknown}
 u - 2 scrolls of fear {unknown}
 v - 2 scrolls of fog {unknown}
 y - 3 scrolls of amnesia {unknown}
 z - a scroll of enchant armour {unknown}
 J - a scroll of enchant weapon {unknown}
Potions
 C - a potion of degeneration {unknown}
 D - a potion of curing {unknown}
Comestibles
 c - 7 rations


   Skills:
 + Level 1.5 Fighting
 + Level 5.2 Dodging
 - Level 1.7 Stealth
 + Level 1.3 Shields
 * Level 7.4 Spellcasting
 * Level 7.8 Conjurations
 * Level 7.6 Fire Magic
 + Level 1.5 Evocations


You had 13 spell levels left.
You knew the following spells:

 Your Spells              Type           Power        Failure   Level  Hunger
a - Foxfire               Conj/Fire      ####         1%          1    None
b - Sticky Flame          Conj/Fire      #####...     1%          4    ###....
c - Fireball              Conj/Fire      #####.....   4%          5    #####..

Your spell library contained the following spells:

 Spells                   Type           Power        Failure   Level  Hunger
 Airstrike                Air            #.........   32%         4    ###....
 Conjure Flame            Conj/Fire      #####...     1%          3    #......
 Inner Flame              Hex/Fire       ###.....     2%          3    #......


Dungeon Overview and Level Annotations

Branches:
Dungeon (9/15)             Temple (1/1) D:7            Lair (0/6) D:8
    Orc: D:9-12

Altars:
Ashenzari
Dithmenos
Elyvilon
Fedhas
Gozag
Kikubaaqudgha
Makhleb
Nemelex Xobeh
Okawaru
Qazlal
Ru
Sif Muna
Trog
Uskayaw
Vehumet
Xom
Yredelemnul
Zin
The Shining One

Annotations:
D:8 exclusion: death yak


Innate Abilities, Weirdness & Mutations

You have hoof-like feet.
You are partially covered in iridescent scales. (AC +2)
A weak demonic guardian rushes to your aid.
When hurt, damage is shared between your health and your magic reserves.


Message History

The troll barely misses your shadow imp.
The human closely misses you.
Your shadow imp misses the troll.
You hit the human but do no damage.
The human is heavily wounded.
The human burns!
The troll bites your shadow imp!
Your shadow imp dies!
The human closely misses you.
You feel sick.
The human burns!
The troll bites you. The troll claws you. The troll barely misses you.
The human burns!
The human misses you. The troll barely misses you.
The troll claws you but does no damage. The troll misses you.
The human burns!
The human misses you.
The human burns!
You kill the human!
Vehumet accepts your kill.
You feel your power returning.
You feel sick. The troll bites you!!
* * * LOW HITPOINT WARNING * * *
The troll misses you. The troll claws you!
You die...

##### ###
##...#####
..####
##.<......#
#....
#......)..#
#...
####).T..##
##.. ##@...#
##..) #...##
##.... #..##
##...†. #..#
#...... #..#
##......
#..#
###.......
#..#
#.S.......
#..#
##.pT......
#.S#
##55........


You could see a troll.

Vanquished Creatures
  A hippogriff (D:8)
  A wraith (D:8)
  A spriggan (D:8)
  Eustachio (D:6)
  2 yaks (D:9)
  A steam dragon (D:9)
  A human (D:9)
  A porcupine (D:8)
  2 ice beasts
  A phantom (D:8)
  3 orc warriors
  3 sky beasts
  A necrophage (D:8)
  3 black bears
  4 ogres
  5 bullfrogs
  3 killer bees (D:7)
  3 wights (D:7)
  2 electric eels (D:6)
  4 crimson imps (D:7)
  A bullfrog zombie (D:9)
  4 hounds
  2 orc priests
  4 orc wizards (D:8)
  A centaur skeleton (D:9)
  Jessica (D:2)
  3 bullfrog skeletons
  A worker ant (D:3)
  A howler monkey skeleton (D:8)
  5 adders
  A river rat (D:8)
  A shadow imp (D:7)
  2 oozes
  3 adder zombies (D:7)
  An adder skeleton (D:6)
  2 worms
  A dart slug (D:2)
  2 leopard geckos
  23 orcs
  5 bats
  4 giant cockroaches
  4 goblins
  11 hobgoblins
  5 jackals (D:6)
  7 quokkas
  3 ball pythons
  6 frilled lizards (D:3)
  6 kobolds
  9 rats
  A butterfly (D:7)
163 creatures vanquished.

Vanquished Creatures (collateral kills)
  A yak (D:9)
  A black bear (D:8)
  A bullfrog (D:9)
  An orc wizard (D:9)
  An orc priest (D:8)
  A leopard gecko (D:9)
  3 orcs (D:8)
9 creatures vanquished.

Vanquished Creatures (others)
  433 foxfires
433 creatures vanquished.

Grand Total: 605 creatures vanquished

Notes
Turn   | Place    | Note
-------+----------+-------------------------------------------
     0 | D:1      | DerDa the Demonspawn Fire Elementalist began the quest for
                  | the Orb.
     0 | D:1      | Reached XP level 1. HP: 13/13 MP: 3/3
   337 | D:1      | Gained mutation: You have large cloven feet. [demonic
                  | ancestry]
   337 | D:1      | Reached XP level 2. HP: 19/19 MP: 1/5
   572 | D:1      | You fall into a shaft and drop 1 floor!
   635 | D:2      | Found a white marble altar of Elyvilon.
   635 | D:2      | Found a radiant altar of Vehumet.
   648 | D:2      | Became a worshipper of Vehumet
   775 | D:1      | You fall into a shaft and drop 1 floor!
  1146 | D:2      | Reached XP level 3. HP: 24/24 MP: 1/6
  1231 | D:2      | Noticed Jessica
  1239 | D:2      | Killed Jessica
  1460 | D:2      | Reached XP level 4. HP: 30/30 MP: 5/8
  1935 | D:2      | Reached * piety under Vehumet
  1935 | D:2      | Offered knowledge of Magic Dart by Vehumet.
  1975 | D:3      | Found a faded altar of an unknown god.
  2249 | D:3      | Gained mutation: You have hoof-like feet. [demonic
                  | ancestry]
  2249 | D:3      | Reached XP level 5. HP: 35/35 MP: 6/9
  2484 | D:3      | Found a glowing silver altar of Zin.
  2544 | D:3      | Learned a level 4 spell: Sticky Flame
  2550 | D:3      | Learned a level 5 spell: Fireball
  3104 | D:3      | Offered knowledge of Freeze by Vehumet.
  3126 | D:3      | Reached ** piety under Vehumet
  3641 | D:4      | You fall into a shaft and drop 2 floors!
  3716 | D:6      | Noticed a black bear
  3727 | D:6      | Killed a black bear
  3727 | D:6      | Reached XP level 6. HP: 41/41 MP: 1/11
  3974 | D:6      | Reached XP level 7. HP: 46/46 MP: 9/13
  4426 | D:6      | Noticed Eustachio
  4457 | D:6      | Killed Eustachio
  5341 | D:7      | Reached skill level 5 in Fire Magic
  5686 | D:7      | Reached skill level 5 in Spellcasting
  5686 | D:7      | Gained mutation: When hurt, damage is shared between your
                  | health and your magic reserves. [demonic ancestry]
  5686 | D:7      | Reached XP level 8. HP: 52/52 MP: 4/15
  5713 | D:7      | Reached skill level 5 in Conjurations
  5863 | D:7      | Offered knowledge of Ignite Poison by Vehumet.
  6197 | D:7      | Found a staircase to the Ecumenical Temple.
  6226 | Temple   | Entered the Ecumenical Temple
  7552 | D:8      | Gained mutation: A weak demonic guardian rushes to your
                  | aid. [demonic ancestry]
  7552 | D:8      | Reached XP level 9. HP: 41/57 MP: 6/18
  7763 | D:8      | Noticed a death yak
  7981 | D:8      | Reached *** piety under Vehumet
  8246 | D:8      | Found a shadowy altar of Dithmenos.
  8312 | D:8      | Got a black opal-encrusted leather armour
  8322 | D:8      | Identified the cursed +0 leather armour of the Snail {rF+
                  | rC+} (You found it on level 8 of the Dungeon)
  8643 | D:8      | Noticed a death yak
  8732 | D:8      | Reached skill level 5 in Dodging
  9018 | D:8      | Noticed a death yak
  9165 | D:8      | Found a staircase to the Lair.
  9461 | D:8      | Offered knowledge of Airstrike by Vehumet.
  9565 | D:8      | Found a stormy altar of Qazlal.
  9827 | D:9      | Reached skill level 1 in Fighting
  9827 | D:9      | Reached skill level 1 in Evocations
  9832 | D:9      | Reached skill level 1 in Shields
  9833 | D:9      | Gained mutation: You are partially covered in iridescent
                  | scales. (AC +2) [demonic ancestry]
  9833 | D:9      | Reached XP level 10. HP: 41/65 MP: 6/20
 10040 | D:9      | Found a shimmering altar of Xom.
 10102 | D:9      | Slain by a troll

Illustrated notes

Levels and vault maps discovered:
D:1:      ebering_trefoil_3fold, layout_basic
D:2:      layout_loops_ring, gammafunk_temple_overflow_pools, uniq_jessica
D:3:      layout_loops_ring, marbit_many_paths, chequers_ecumenical_altar_island
D:4:      layout_loops_corners, kennysheep_little_box, first_ration
D:6:      layout_basic, chequers_big_river, grunt_decor_clamped, uniq_eustachio
D:7:      layout_basic, minmay_temple_entry_butterflies, minmay_door_square
D:8:      layout_basic, nicolae_dithmenos_shadow_blocks, dpeg_lair_monsters,
          the_bakery, nicolae_qazlal_eye_of_the_storm
D:9:      layout_layer_cave, xom_confusion_cloud, minmay_ruffians
Temple:   eino_temple_water

Skill      XL: |  1  2  3  4  5  6  7  8  9 |
---------------+----------------------------+-----
Dodging        | 2 3 4 5 |  5.2
Fire Magic     | 3 4 5 6 7 |  7.6
Conjurations   | 2 3 4 6 7 |  7.8
Spellcasting   | 3 4 5 6 7 |  7.4
Fighting       | 1 |  1.5
Evocations     | 1 |  1.5
Shields        | 1 |  1.3
Stealth        | |  1.7

Action                   |  1- 3 |  4- 6 |  7- 9 | 10-12 || total
-------------------------+-------+-------+-------+-------++-------
Melee: Unarmed           |    14 |       |       |       ||    14
       Dagger            |    11 |     3 |       |       ||    14
       Kick              |     3 |     4 |    38 |       ||    45
       Hand axe          |       |    23 |    60 |       ||    83
       Staff             |       |       |     9 |       ||     9
       Spear             |       |       |   127 |    22 ||   149
 Cast: Foxfire           |    42 |   117 |   128 |     1 ||   288
       Sticky Flame      |       |       |    28 |     6 ||    34
       Fireball          |       |       |    10 |       ||    10
Evoke: Wand              |       |       |     1 |     1 ||     2
  Use: Potion            |       |       |     7 |     1 ||     8
       Scroll            |       |       |     5 |       ||     5
 Stab: Sleeping          |     2 |       |     2 |       ||     4
  Eat: Chunk             |     2 |     8 |    14 |     2 ||    26
       Ration            |       |       |     3 |       ||     3
Armor: Robe              |     7 |    12 |    52 |       ||    71
       Leather armour    |       |       |     9 |    16 ||    25
Dodge: Dodged            |    16 |    43 |   170 |    36 ||   265
